 Dungeon Crawl Stone Soup version 0.31.0-9-g3a7656b989 (webtiles) character file.

Game seed: 10466361229495420115

1650 GordonOverkill the Spear-Bearer (level 9, -8/62 (68) HPs)
             Began as a Formicid Delver on Jan 25, 2024.
             Was a Follower of Makhleb.
             Mangled by an ogre
             ... wielding a +0 giant club
              (23 damage)
             ... on level 5 of the Dungeon.
             The game lasted 00:09:36 (6290 turns).

GordonOverkill the Spear-Bearer (Formicid Delver)   Turns: 6290, Time: 00:09:37

HP:   -8/62 (68)    AC: 13    Str: 22    XL:     9   Next: 19%
MP:   12/12         EV:  6    Int:  9    God:    Makhleb [*.....]
Gold: 331           SH:  0    Dex: 15    Spells: 8/8 levels left

rFire   . . .        p - +1 halberd (protect)
rCold   . . .        (no shield)
rNeg    . . .        y - +0 plate armour
rPois   .            (helmet unavailable)
rElec   .            (no cloak)
rCorr   .            (no gloves)
SInv    +            k - +2 pair of boots
Will    .....        (no amulet) Stlth
                     s - ring of flight
HPRegen 0.30/turn    (no ring)
MPRegen 0.13/turn

%: no passive effects
@: flying, drained
A: permanent stasis, dig shafts and tunnels, antennae 3, four strong arms
a: Dig, Shaft Self, Renounce Religion


You were on level 5 of the Dungeon.
You worshipped Makhleb.
Makhleb was aware of your devotion.
You visited 1 branch of the dungeon, and saw 6 of its levels.

You collected 331 gold pieces.

Inventory:

Hand Weapons
 a - a +0 spear
 p - a +1 halberd of protection (weapon)
 v - a +4 hand axe
 x - a +0 war axe
Missiles
 r - 7 boomerangs (quivered)
 t - 2 throwing nets
Armour
 k - a +2 pair of boots (worn)
 y - a +0 plate armour (worn)
Jewellery
 i - a ring of fire
 s - a ring of flight (left hand)
Wands
 f - a wand of digging (3)
 l - a wand of roots (9)
 u - a wand of light (4)
Scrolls
 b - a scroll of vulnerability {unknown}
 c - 2 scrolls of fog
 d - 3 scrolls of revelation
 e - 2 scrolls of fear
 g - 3 scrolls of blinking {unknown}
 j - 4 scrolls of teleportation {unknown}
 m - 2 scrolls of noise {unknown}
 n - 5 scrolls of identify {unknown}
 o - 2 scrolls of silence {unknown}
 w - a scroll of enchant armour {unknown}
 z - a scroll of butterflies {unknown}
 B - a scroll of poison {unknown}
Potions
 h - 2 potions of brilliance
 q - 2 potions of enlightenment
 C - 2 potions of invisibility {unknown}


   Skills:
 - Level 5.0 Fighting
 - Level 3.9(6.9) Axes
 + Level 8.9(9.2) Polearms
 - Level 1.7 Dodging
 - Level 6.0 Stealth
 - Level 5.0 Invocations


You had 8 spell levels left.
You didn't know any spells.
Your spell library contained the following spells:

 Spells                   Type           Power      Damage    Failure   Level
 Magic Dart               Conj           0%         1d3       100%        1
 Sting                    Conj/Alch      0%         1d3       100%        1
 Cigotuvi's Dreadful Rot  Necr/Alch/Air  0%         N/A       100%        2
 Mercury Vapours          Alch/Air       0%         N/A       100%        2
 Searing Ray              Conj           0%         2d4       100%        2
 Call Canine Familiar     Summ           0%         N/A       100%        3
 Dazzling Flash           Conj/Hex       0%         N/A       100%        3
 Mephitic Cloud           Conj/Alch/Air  0%         N/A       100%        3
 Sigil of Binding         Hex            0%         N/A       100%        3
 Dimensional Bullseye     Hex/Tloc       0%         N/A       100%        4
 Fulminant Prism          Conj/Alch      0%         3d5       100%        4
 Ignite Poison            Fire/Alch      0%         N/A       100%        4
 Olgreb's Toxic Radiance  Alch           0%         N/A       100%        4
 Arcjolt                  Conj/Air       0%         1d10      100%        5
 Curse of Agony           Necr           0%         N/A       100%        5
 Freezing Cloud           Conj/Ice/Air   0%         6-21      100%        5
 Silence                  Hex/Air        0%         N/A       100%        5
 Summon Forest            Summ/Tloc      0%         N/A       100%        5
 Summon Mana Viper        Hex/Summ       0%         N/A       100%        5
 Summon Cactus Giant      Summ           0%         N/A       100%        6
 Spellforged Servitor     Conj/Summ      0%         N/A       100%        7
 Maxwell's Capacitive Co  Air            0%         ∞         100%        8
 Dragon's Call            Summ           0%         N/A       100%        9
 Vhi's Electric Charge    Tloc/Air       Unusable   N/A       N/A         4

Dungeon Overview and Level Annotations

Branches:
Dungeon (6/15)
 Temple: D:4-7

Altars:
Makhleb
Sif Muna
Trog
Yredelemnul

Shops:
D:4 :


Innate Abilities, Weirdness & Mutations

You cannot be hasted, slowed, berserked, paralysed or teleported.
You can dig through walls and to a lower floor.
You have a pair of large antennae on your head. (SInv)
Your four strong arms can wield two-handed weapons with a shield.


Message History

* * * LOW HITPOINT WARNING * * *
The orc attacks as it pursues you! The orc hits you with a +0 flail.
* * * LOW HITPOINT WARNING * * *
The orc attacks as it pursues you! The orc hits you but does no damage.
The orc attacks as it pursues you! The orc barely misses you.
The orc attacks as it pursues you! The orc barely misses you.
The orc attacks as it pursues you! The orc hits you with a +0 flail.
* * * LOW HITPOINT WARNING * * *
The orc attacks as it pursues you! The orc hits you but does no damage.
The orc attacks as it pursues you! The orc barely misses you.
There is a stone staircase leading up here.
The orc hits you with a +0 flail.
* * * LOW HITPOINT WARNING * * *
You fly upwards.
There is a stone staircase leading down here.
You closely miss the orc. The orc hits you but does no damage.
You slash the orc!
Your weapon exudes an aura of protection.
You kill the orc!
Makhleb accepts your kill.
Things that are here:
a +0 flail; an orc corpse You start resting.
HP restored.
You start waiting.
Done waiting.
There is a stone staircase leading down here.
You fly downwards.
The ogre hits you with a +0 giant club!
There is a stone staircase leading up, spattered with blood here.
The ogre hits you with a +0 giant club!
* * * LOW HITPOINT WARNING * * *
You fly upwards.
There is a stone staircase leading down here.
You barely miss the ogre.
The ogre hits you with a +0 giant club!!
* * * LOW HITPOINT WARNING * * *
You barely miss the ogre. You barely miss the ogre.
The ogre hits you with a +0 giant club!!
You die...

#..................###......#
#..................'_#.....##
#..................#########
#.......##############
...#......### #.#
##.#....#...# #.#
#.#....#...########.#
#.#....#........)...#
#.#....#.......@...##
##.######....#...O..# .#.#
#....#......# .#.#
#....#......# .#.#
###....######## .#.#
#.........# .#.# #.........#
.#.# #.........#
##.####.........#


You could see an ogre.

Vanquished Creatures
  Pikel (D:5)
  Eustachio (D:5)
  2 ice beasts (D:5)
  2 ogres
  2 scorpions (D:5)
  A howler monkey (D:5)
  3 hounds
  A gnoll bouda (D:5)
  Jessica (D:2)
  A sleepcap (D:6)
  An iguana (D:4)
  3 orc wizards
  7 gnolls (D:5)
  7 adders
  A ribbon worm (D:3)
  5 dart slugs
  18 orcs
  8 ball pythons
  4 bats
  4 endoplasms
  7 giant cockroaches
  13 goblins
  5 hobgoblins
  2 jackals (D:1)
  8 quokkas
  4 frilled lizards
  7 kobolds
  9 rats
128 creatures vanquished.

Notes
Turn   | Place    | Note
-------+----------+-------------------------------------------
     0 | D:5      | GordonOverkill the Formicid Delver began the quest for the
                  | Orb.
     0 | D:5      | Reached XP level 1. HP: 18/18 MP: 1/1
     2 | D:6      | Noticed a hound
     2 | D:6      | Noticed a sleepcap
    85 | D:4      | Noticed an iguana
   302 | D:4      | Reached XP level 2. HP: 24/24 MP: 2/2
   482 | D:3      | Reached skill level 3 in Polearms
   849 | D:2      | Reached XP level 3. HP: 28/29 MP: 3/3
   935 | D:1      | Found a faded altar of an unknown god.
  1276 | D:1      | Got the Excursus on the Legion
  1379 | D:1      | Reached skill level 4 in Polearms
  1379 | D:1      | Reached XP level 4. HP: 34/35 MP: 4/4
  2035 | D:2      | Noticed Jessica
  2040 | D:2      | Killed Jessica
  2041 | D:2      | Reached skill level 1 in Axes
  2041 | D:2      | Reached XP level 5. HP: 39/41 MP: 5/5
  2861 | D:3      | Reached XP level 6. HP: 47/47 MP: 6/6
  3529 | D:4      | Found Tas Qaw's Tiny Tomes.
  3577 | D:4      | Noticed an ogre
  3810 | D:4      | Killed an ogre
  3811 | D:4      | Reached XP level 7. HP: 26/55 MP: 7/7
  4315 | D:5      | Found a burning altar of Makhleb.
  4331 | D:5      | Became a worshipper of Makhleb the Destroyer
  4374 | D:5      | Reached skill level 5 in Fighting
  4415 | D:5      | Reached skill level 1 in Invocations
  4993 | D:5      | Reached skill level 5 in Polearms
  4993 | D:5      | Reached XP level 8. HP: 20/62 MP: 11/11
  5360 | D:5      | Reached skill level 5 in Invocations
  5364 | D:5      | Noticed Eustachio
  5393 | D:5      | Killed Eustachio
  5394 | D:5      | Reached skill level 6 in Polearms
  5462 | D:5      | Noticed Pikel
  5478 | D:5      | Killed Pikel
  5479 | D:5      | Reached skill level 8 in Polearms
  5479 | D:5      | Reached XP level 9. HP: 45/68 MP: 12/12
  5573 | D:5      | Found a bloodstained altar of Trog.
  5580 | D:5      | Found a basalt altar of Yredelemnul.
  5593 | D:5      | Reached * piety under Makhleb
  5903 | D:5      | Found a shimmering blue altar of Sif Muna.
  6290 | D:5      | Mangled by an ogre

Illustrated notes

Levels and vault maps discovered:
D:1:      dpeg_arrival_rhombus, layout_loops_corners,
          hellmonk_ecumenical_altar_lost_god
D:2:      layout_basic, uniq_jessica
D:3:      minmay_razor_zed, layout_basic, minmay_diced_spiral
D:4:      layout_cave_pods, nicolae_shop_i_like_small_books_too,
          nrook_mini_backslash
D:5:      layout_basic, lemuel_blue_sif_altar, makhleb_heckhound_becter,
          jmf_multi_god_temple, uniq_eustachio, uniq_pikel
D:6:      layout_loops_ring, general_overflow_altar,
          mainiacjoe_overflow_big_doors

Skill      XL: |  1  2  3  4  5  6  7  8 |
---------------+-------------------------+-----
Polearms       | 3 4 5 8 |  8.9
Axes           | 1 3 |  3.9
Fighting       | 4 5 |  5.0
Invocations    | 4 5 |  5.0
Dodging        | |  1.7
Stealth        | |  6.0

Action                     |  1- 3 |  4- 6 |  7- 9 || total
---------------------------+-------+-------+-------++-------
  Melee: Spear             |   123 |    53 |       ||   176
         Hand axe          |       |   124 |    52 ||   176
         Punch             |       |     3 |     2 ||     5
         Halberd           |       |       |   114 ||   114
  Throw: Boomerang         |       |     2 |       ||     2
Ability: Dig               |     3 |     3 |     4 ||    10
  Evoke: Wand              |       |     3 |       ||     3
    Use: Scroll            |       |     1 |       ||     1
         Potion            |       |       |     8 ||     8
   Stab: Sleeping          |     6 |       |       ||     6
         Distracted        |     1 |       |     1 ||     2
 Armour: Leather armour    |    27 |       |       ||    27
         Chain mail        |    10 |    91 |       ||   101
         Plate armour      |       |    29 |   163 ||   192
  Dodge: Dodged            |    50 |    47 |    48 ||   145
